AoeStats
← LM | TornardoBriese

Arabia

504755079Analyzed
1v1 RM · 26d ago on Sep 6, 2026· 30m 37s· 2 players
Game mode
Random Map
Map size
Tiny (2 player)
Population
200
Speed
Normal
Resources
Standard
Victory
Conquest
Starting age
Dark Age
Ending age
Imperial Age
RankedLock teamsTeams togetherTeam positionsShared explorationLock speedFull tech treeHidden civsTurbo modeCheats
Victory
Defeat
🇹🇼 Dravidians · Taiwan
1235
+16
🇨🇭 Persians · Switzerland
1226
-16
LM | TornardoBriese
6:43 Loom
8:53 Feudal Age
9:54 Double-Bit Axe
17:15 Wheelbarrow
21:38 Castle Age
19:50 Gold Mining
20:02 Horse Collar
20:16 Fletching
20:55 Bloodlines
21:12 Padded Archer Armor
22:32 Bow Saw
23:12 Bodkin Arrow
wongshuo.lee
6:30 Loom
8:43 Feudal Age
9:24 Double-Bit Axe
13:56 Horse Collar
18:57 Wheelbarrow
22:34 Castle Age
21:15 Scale Mail Armor
22:45 Padded Archer Armor
22:35 Pikeman
23:36 Fletching
24:14 Bodkin Arrow
24:00 Elite Skirmisher
26:41 Town Watch
27:12 Hand Cart
Connection lost

Rejoining the realm…

Still unreachable

The connection could not be restored.

Session expired

The server has moved on; the page needs a fresh start.